[Event "Titled Tuesday Blitz May 10 Late 2022"]
[White "Atanejhad, Sahebali"]
[Black "Ricaurte Lopez, Juan Carlos"]
[WhiteFideId "12506664"]
[BlackFideId "3600327"]
[WhiteElo "1953"]
[BlackElo "2209"]
[Result "1-0"]
[Round "02"]
[TimeControl "180+1"]
[Date "2022.05.11"]
[WhiteClock "0:01:03"]
[BlackClock "0:00:08"]

1. d4 Nf6 2. Nf3 e6 3. c4 d5 4. g3 c5 5. cxd5 exd5 6. Bg2 Nc6 7. O-O Be7 8. Nc3 O-O 9. Be3 c4 10. Ne5 Be6 11. b3 Qa5 12. Nxc6 bxc6 13. Rc1 Ba3 14. Bd2 Bxc1 15. Qxc1 Qb6 16. Na4 Qxd4 17. Bc3 Qg4 18. Bxf6 gxf6 19. Bf3 Qg5 20. Qc3 cxb3 21. axb3 Rab8 22. Nc5 Rfc8 23. h4 Qe5 24. Qd2 Rb5 25. Nd3 Qf5 26. Qh6 Rxb3 27. Nf4 Rxf3 28. exf3 d4 29. Nh5 Qg6 30. Nxf6+ Kh8 31. Qf4 Qf5 32. Qxd4 c5 33. Qc3 h6 34. Nh5+ f6 35. Nxf6 Kg7 36. Nh5+ Kf7 37. Qg7+ Ke8 38. Nf6+ Kd8 39. Rd1+ 1-0


[Site "https://www.chess.com"]

[Event "Titled Tuesday Blitz May 10 Late 2022"]
[White "Avalos Parra, Joao"]
[Black "Lin, Dachey"]
[WhiteFideId "3402541"]
[BlackFideId "2029650"]
[WhiteElo "2173"]
[BlackElo "2313"]
[Result "0-1"]
[Round "02"]
[TimeControl "180+1"]
[Date "2022.05.11"]
[WhiteClock "0:00:58"]
[BlackClock "0:01:11"]

1. d4 g6 2. c4 Bg7 3. Nc3 c5 4. d5 Bxc3+ 5. bxc3 f5 6. h4 Nf6 7. h5 Rg8 8. hxg6 hxg6 9. Nf3 d6 10. Ng5 Nbd7 11. Qc2 Ne5 12. e3 Qa5 13. Bd2 Bd7 14. Be2 O-O-O 15. Rb1 Rh8 16. Rg1 Rh2 17. Qb3 Qa6 18. Nf3 Nxf3+ 19. Bxf3 Rdh8 20. Ke2 g5 21. Kf1 Ne4 22. Be1 Rh1 23. Rxh1 Rxh1+ 24. Ke2 Ba4 25. Bxe4 Bxb3 26. Bxf5+ e6 27. Bxe6+ Kc7 0-1


[Site "https://www.chess.com"]

[Event "Titled Tuesday Blitz May 10 Late 2022"]
[White "Babazada, Khazar"]
[Black "Constantinou, Peter"]
[WhiteFideId "13413554"]
[BlackFideId "413038"]
[WhiteElo "2406"]
[BlackElo "2230"]
[Result "1-0"]
[Round "02"]
[TimeControl "180+1"]
[Date "2022.05.11"]
[WhiteClock "0:00:10"]
[BlackClock "0:00:11"]

1. e4 c5 2. Nf3 e6 3. d4 cxd4 4. Nxd4 Nf6 5. Nc3 Nc6 6. Nxc6 bxc6 7. e5 Nd5 8. Ne4 Qc7 9. f4 Qa5+ 10. c3 Be7 11. Bd3 Ba6 12. O-O Bxd3 13. Qxd3 f5 14. exf6 Nxf6 15. Nxf6+ Bxf6 16. Be3 d5 17. b4 Qb5 18. Qd2 O-O 19. Bc5 Rfe8 20. a4 Qc4 21. Rf3 a5 22. Rc1 e5 23. fxe5 Rxe5 24. Rcf1 Re2 25. Qd1 Rae8 26. Kh1 Qg4 27. Rg3 Qe4 28. bxa5 h5 29. a6 h4 30. Rgf3 Qg4 31. Rg1 Qc4 32. Bd4 Qxa6 33. Bxf6 gxf6 34. Qd4 Re1 35. Qg4+ Kf8 36. Rxf6+ Ke7 37. Rxe1+ Kxf6 38. Qf3+ 1-0


[Site "https://www.chess.com"]

[Event "Titled Tuesday Blitz May 10 Late 2022"]
[White "Barria Zuniga, Daniel"]
[Black "Svane, Frederik"]
[WhiteFideId "3400816"]
[BlackFideId "12923044"]
[WhiteElo "2414"]
[BlackElo "2459"]
[Result "0-1"]
[Round "02"]
[TimeControl "180+1"]
[Date "2022.05.10"]
[WhiteClock "0:00:03"]
[BlackClock "0:00:12"]

1. c4 Nf6 2. Nc3 e6 3. g3 d5 4. Bg2 d4 5. Na4 Be7 6. Nf3 O-O 7. O-O Nc6 8. d3 e5 9. a3 a5 10. Bg5 h6 11. Bxf6 Bxf6 12. Qb3 Ne7 13. Qc2 Nc6 14. Qb3 Rb8 15. Nd2 Bg4 16. Rfe1 Be7 17. Qb5 Bd7 18. Nc5 Bxc5 19. Qxc5 b6 20. Qd5 Qe7 21. e3 Rfd8 22. exd4 Be8 23. Qb5 Nxd4 24. Qxe5 Qf8 25. Rac1 Rd6 26. Ne4 Rdd8 27. Qxc7 Ne6 28. Qe5 Bc6 29. Rcd1 Ba4 30. Rd2 Nd4 31. Re3 Nc2 32. Rxc2 Bxc2 33. Qc3 Ba4 34. d4 Rbc8 35. b4 axb4 36. axb4 Bc6 37. c5 Ba8 38. Qc4 Qe7 39. h4 Qd7 40. Rd3 Qf5 41. Nc3 Bxg2 42. Kxg2 Qg4 43. c6 h5 44. b5 Rd6 45. Nd5 Qe4+ 46. Kh2 Qxd5 47. Qxd5 Rxd5 0-1


[Site "https://www.chess.com"]

[Event "Titled Tuesday Blitz May 10 Late 2022"]
[White "Bas Mas, Jose Joaquin"]
[Black "Sabar, Ethmane Daouda"]
[WhiteFideId "22219064"]
[BlackFideId "19600097"]
[WhiteElo "2233"]
[BlackElo "1950"]
[Result "1-0"]
[Round "02"]
[TimeControl "180+1"]
[Date "2022.05.11"]
[WhiteClock "0:00:57"]
[BlackClock "0:00:29"]

1. e4 c5 2. Nc3 Nc6 3. Bb5 g6 4. Bxc6 dxc6 5. f4 Nh6 6. Nf3 f5 7. d3 Bg7 8. O-O O-O 9. e5 Be6 10. Be3 b6 11. Kh1 Bd5 12. b3 e6 13. a4 a5 14. Bg1 Nf7 15. d4 cxd4 16. Nxd4 c5 17. Ndb5 Bc6 18. Qxd8 Raxd8 19. Rad1 Bh6 20. Nc7 Rxd1 21. Rxd1 Bxf4 22. Nxe6 Bxe5 23. Nxf8 Kxf8 24. Nb5 Ke7 25. Be3 f4 26. Bf2 Ke6 27. Kg1 Ng5 28. Re1 Kf5 29. c4 Ne4 30. h3 g5 31. Rd1 h5 32. Rd8 g4 33. Rf8+ Ke6 34. hxg4 hxg4 35. Bh4 g3 36. Rc8 Kd7 37. Rd8+ Ke6 38. Rc8 Kd7 39. Rg8 Bxb5 40. axb5 Bd4+ 41. Kf1 Nd2+ 42. Ke2 Nxb3 43. Bg5 Be3 44. Kf3 Nd4+ 45. Ke4 f3 46. gxf3 Bxg5 47. Rxg5 Ne2 48. Ke3 Nc3 49. Rxg3 Nd1+ 50. Kd2 Nb2 51. Kc3 Na4+ 52. Kb3 Ke6 53. Kxa4 Kf5 54. Rg4 1-0


[Site "https://www.chess.com"]

[Event "Titled Tuesday Blitz May 10 Late 2022"]
[White "Bashirli, Nail"]
[Black "Fedoseev, Vladimir"]
[WhiteFideId "13406809"]
[BlackFideId "24130737"]
[WhiteElo "2333"]
[BlackElo "2726"]
[Result "0-1"]
[Round "02"]
[TimeControl "180+1"]
[Date "2022.05.10"]
[WhiteClock "0:00:17"]
[BlackClock "0:00:37"]

1. e4 c5 2. Nc3 d6 3. f4 Nc6 4. Nf3 g6 5. Bb5 Bd7 6. O-O Bg7 7. d3 Nd4 8. Bxd7+ Qxd7 9. Be3 Nxf3+ 10. Qxf3 Nf6 11. f5 h5 12. h3 gxf5 13. exf5 O-O-O 14. d4 Ng4 15. hxg4 cxd4 16. g5 dxe3 17. Qxe3 Kb8 18. Rae1 Be5 19. Qd3 Qc6 20. Nd5 e6 21. Ne7 Qc5+ 22. Kh1 Bxb2 23. fxe6 Qxg5 24. exf7 Bg7 25. Ng6 Rh6 26. Re8 Rxg6 27. Qxg6 Qh4+ 28. Kg1 Bd4+ 29. Rf2 Qxf2+ 30. Kh2 Qh4# 0-1


[Site "https://www.chess.com"]

[Event "Titled Tuesday Blitz May 10 Late 2022"]
[White "Batsiashvili, Nino"]
[Black "Ladan, Nicholas"]
[WhiteFideId "13602993"]
[BlackFideId "30918855"]
[WhiteElo "2193"]
[BlackElo "2167"]
[Result "0-1"]
[Round "02"]
[TimeControl "180+1"]
[Date "2022.05.11"]
[WhiteClock "0:00:46"]
[BlackClock "0:00:09"]

1. d4 d6 2. c4 e5 3. Nc3 exd4 4. Qxd4 Nc6 5. Qd2 Nf6 6. b3 g6 7. Bb2 Bg7 8. Nf3 O-O 9. g3 Bf5 10. Bg2 Ne4 11. Nxe4 Bxe4 12. O-O Re8 13. Rfd1 a5 14. Rac1 a4 15. b4 a3 16. Bxg7 Kxg7 17. c5 d5 18. Nd4 Bxg2 19. Kxg2 Qf6 20. Nxc6 bxc6 21. Rc3 Rxe2 22. Qxe2 Qxc3 23. Qd2 Qxd2 24. Rxd2 Kf6 25. Kf3 h5 26. h4 Ke5 27. Re2+ Kd4 28. Re7 Kc3 29. Rxc7 Kb2 30. b5 cxb5 31. Rb7 d4 32. Rxb5+ Kc2 33. c6 Rc8 34. Rc5+ Kb2 35. Ke4 Kxa2 36. Kxd4 Kb3 37. Rb5+ Ka4 38. Kc5 a2 39. Rb7 Ra8 40. c7 a1=Q 41. Rb4+ Ka3 42. Rb8 Qc3+ 43. Kd6 Qd4+ 44. Ke7 Qe5+ 45. Kf8 Rxb8+ 46. cxb8=Q Qxb8+ 47. Kxf7 Qb6 48. f4 Kb4 0-1


[Site "https://www.chess.com"]

[Event "Titled Tuesday Blitz May 10 Late 2022"]
[White "Bazeev, German"]
[Black "Koziorowicz, Michal"]
[WhiteFideId "24119350"]
[BlackFideId "21809194"]
[WhiteElo "2493"]
[BlackElo "2219"]
[Result "0-1"]
[Round "02"]
[TimeControl "180+1"]
[Date "2022.05.10"]
[WhiteClock "0:00:18"]
[BlackClock "0:00:52"]

1. d4 f5 2. g3 Nf6 3. Bg2 e6 4. c4 d5 5. cxd5 exd5 6. Nf3 c6 7. Ne5 Bd6 8. f4 O-O 9. O-O Ne4 10. Nc3 Nd7 11. Nxe4 fxe4 12. Nxd7 Bxd7 13. e3 Qc8 14. Bd2 Bg4 15. Qe1 Rf6 16. Bb4 Qf5 17. Bxd6 Rxd6 18. b4 Rh6 19. h4 Rg6 20. Kh2 Rf8 21. Rf2 Qd7 22. Rc1 a6 23. a4 Rf5 24. Qf1 Rff6 25. Bh3 h5 26. Bg2 Rf5 27. Rb2 Rff6 28. b5 cxb5 29. axb5 Rb6 30. Rc5 axb5 31. Rcxb5 Rxb5 32. Qxb5 Rc6 33. Ra2 Bf3 34. Qf1 Bg4 35. Qb1 Kh7 36. Ra5 Be6 37. Rb5 Qc8 38. f5 Bxf5 39. Rxd5 Rc2 40. Rxf5 Rxg2+ 41. Kxg2 Qxf5 42. Qd1 Kg6 43. d5 Kf7 44. d6 Qf3+ 45. Qxf3+ exf3+ 46. Kxf3 Ke6 47. Ke4 Kxd6 48. Kd4 Ke6 49. Kc5 Ke5 50. Kb6 Ke4 0-1


[Site "https://www.chess.com"]

[Event "Titled Tuesday Blitz May 10 Late 2022"]
[White "Bernal Moro, Luis Javier"]
[Black "Nagy, Gabor"]
[WhiteFideId "2200236"]
[BlackFideId "737119"]
[WhiteElo "2441"]
[BlackElo "2763"]
[Result "0-1"]
[Round "02"]
[TimeControl "180+1"]
[Date "2022.05.11"]
[WhiteClock "0:00:06"]
[BlackClock "0:01:51"]

1. Nf3 g6 2. c4 Bg7 3. d4 d6 4. e4 Nc6 5. Be2 Bg4 6. Be3 e5 7. d5 Bxf3 8. Bxf3 Nd4 9. Bxd4 exd4 10. Na3 Ne7 11. O-O c5 12. dxc6 bxc6 13. b4 O-O 14. Nc2 Rb8 15. a3 d3 16. Qxd3 Bxa1 17. Rxa1 a5 18. Rd1 axb4 19. axb4 d5 20. exd5 cxd5 21. cxd5 Qd6 22. g3 Rfc8 23. Qd2 Rc4 24. Be2 Rc7 25. b5 Nf5 26. Nb4 h5 27. Nc6 Re8 28. h4 Nxg3 29. fxg3 Qxg3+ 30. Kf1 Re4 31. d6 Rxh4 32. Bc4 Rh1+ 33. Ke2 Rh2+ 34. Kf1 Qf3+ 35. Ke1 Rh1+ 36. Bf1 Qxf1# 0-1


[Site "https://www.chess.com"]

[Event "Titled Tuesday Blitz May 10 Late 2022"]
[White "Bettalli, Francesco"]
[Black "Gomez Dieguez, David"]
[WhiteFideId "2816453"]
[BlackFideId "22223630"]
[WhiteElo "2216"]
[BlackElo "2115"]
[Result "1-0"]
[Round "02"]
[TimeControl "180+1"]
[Date "2022.05.11"]
[WhiteClock "0:00:08"]
[BlackClock "0:00:03"]

1. d4 Nf6 2. Nc3 d5 3. Bf4 c5 4. e3 cxd4 5. exd4 a6 6. Nf3 Nc6 7. Be2 Bf5 8. O-O e6 9. Ne5 Rc8 10. a3 Bd6 11. Re1 O-O 12. Bg3 Qb6 13. Nxc6 Qxc6 14. Bd3 Bxd3 15. Qxd3 Bxg3 16. Qxg3 Qb6 17. Na4 Qxd4 18. Qb3 b5 19. Nc3 Qc4 20. Rad1 g6 21. Rd2 Rc6 22. Ne2 Qxb3 23. cxb3 Ne4 24. Rd3 Rfc8 25. f3 Nd6 26. Nd4 Rc1 27. Kf2 Rxe1 28. Kxe1 Rc1+ 29. Rd1 Rc7 30. Kd2 Kg7 31. Rc1 Rxc1 32. Kxc1 e5 33. Nc6 f5 34. Nxe5 Kf6 35. Nc6 h5 36. Kd2 f4 37. Nb4 Ke6 38. Nxa6 Ke5 39. Nc5 g5 40. a4 bxa4 41. bxa4 Nc4+ 42. Kc3 Ne3 43. Nd3+ Kd6 44. Ne1 Nd1+ 45. Kc2 Ne3+ 46. Kd3 g4 47. g3 Nc4 48. b3 Ne5+ 49. Ke2 fxg3 50. hxg3 gxf3+ 51. Nxf3 Nc6 52. Kd3 Kc5 53. Kc3 d4+ 54. Kd2 Kb4 55. Kc2 d3+ 56. Kb2 Na5 57. Nd2 Kc5 58. Kc3 Nc6 59. Kxd3 Kb4 60. Kc2 Nd4+ 61. Kd3 Nf5 62. Ne4 Kxb3 63. a5 Ne7 64. a6 Nc6 65. Ke3 Kb4 66. Nf6 1-0


[Site "https://www.chess.com"]

[Event "Titled Tuesday Blitz May 10 Late 2022"]
[White "Bifulco, Michel"]
[Black "Kanyamarala, Tarun"]
[WhiteFideId "828580"]
[BlackFideId "45004714"]
[WhiteElo "2165"]
[BlackElo "2219"]
[Result "0-1"]
[Round "02"]
[TimeControl "180+1"]
[Date "2022.05.11"]
[WhiteClock "0:00:06"]
[BlackClock "0:00:10"]

1. d4 Nf6 2. Nc3 d5 3. Bf4 a6 4. e3 e6 5. g4 Bb4 6. Ne2 Nxg4 7. Rg1 e5 8. dxe5 Nc6 9. h3 Ngxe5 10. Nd4 Nxd4 11. Bxe5 Nf5 12. Bd3 f6 13. Qh5+ g6 14. Rxg6 hxg6 15. Qxh8+ Kd7 16. Qxd8+ Kxd8 17. Bxf6+ Be7 18. Nxd5 Bxf6 19. Nxf6 Ke7 20. Nd5+ Kd6 21. Nf4 g5 22. Ng2 Be6 23. O-O-O Ke7 24. e4 Nd4 25. h4 Bh3 26. Ne3 g4 27. c3 Nf3 28. h5 Rh8 29. h6 Kf6 30. Nf5 Kg5 31. Be2 Ne5 32. Rd5 Kf4 33. Rc5 c6 34. Ng3 Rxh6 35. Ra5 Bg2 36. Ra4 Bf3 37. Bxf3 gxf3 38. Kd2 Rh2 39. Ke1 Nd3+ 40. Kd2 Nxb2 41. Rb4 Rxf2+ 42. Ke1 Nd3+ 43. Kd1 Nxb4 44. Nh5+ Kg5 45. cxb4 Kxh5 46. Ke1 Re2+ 0-1


[Site "https://www.chess.com"]

[Event "Titled Tuesday Blitz May 10 Late 2022"]
[White "Bluebaum, Matthias"]
[Black "Melikyan, Gnel"]
[WhiteFideId "24651516"]
[BlackFideId "54109990"]
[WhiteElo "2556"]
[BlackElo "1772"]
[Result "1-0"]
[Round "02"]
[TimeControl "180+1"]
[Date "2022.05.10"]
[WhiteClock "0:00:48"]
[BlackClock "0:00:03"]

1. d4 Nf6 2. c4 g6 3. Nc3 Bg7 4. e4 d6 5. Nf3 O-O 6. Be2 e5 7. Be3 Ng4 8. Bg5 f6 9. Bh4 g5 10. Bg3 Nh6 11. dxe5 fxe5 12. h4 g4 13. Ng5 Nc6 14. c5 Nd4 15. Bc4+ Kh8 16. cxd6 cxd6 17. O-O Bd7 18. Ne2 Rc8 19. Nxd4 exd4 20. Ne6 Bxe6 21. Bxe6 Rc5 22. Bxg4 Nxg4 23. Qxg4 Rg8 24. Qf3 Be5 25. Rac1 Rf8 26. Qd3 Qc7 27. Rcd1 Qg7 28. f4 Bf6 29. Rf3 Rg8 30. Rd2 Rh5 31. e5 dxe5 32. fxe5 Bxe5 33. Bxe5 Rxe5 34. Qxd4 Re1+ 35. Rf1 Re5 36. Qxa7 Qg4 37. Qd4 Qg7 38. a4 Rge8 39. Rdf2 h6 40. Rf8+ Rxf8 41. Rxf8+ Qxf8 42. Qxe5+ Kh7 43. Qe4+ Kh8 44. Qxb7 Qc5+ 45. Kh2 Qe5+ 46. g3 Qe2+ 47. Qg2 Qc4 48. a5 Qb5 49. b4 Qxb4 50. Qa2 Qb7 51. a6 Qa7 52. Qb2+ Kh7 53. Qb7+ 1-0


[Site "https://www.chess.com"]

[Event "Titled Tuesday Blitz May 10 Late 2022"]
[White "Boruchovsky, Avital"]
[Black "Wachinger, Guenther"]
[WhiteFideId "2800055"]
[BlackFideId "4604261"]
[WhiteElo "2469"]
[BlackElo "2212"]
[Result "1-0"]
[Round "02"]
[TimeControl "180+1"]
[Date "2022.05.11"]
[WhiteClock "0:01:24"]
[BlackClock "0:00:05"]

1. d4 Nf6 2. Nd2 d5 3. Ngf3 g6 4. e3 Bg7 5. c4 c6 6. cxd5 cxd5 7. Bb5+ Bd7 8. Bd3 O-O 9. Ne5 Nc6 10. Ndf3 Bf5 11. Bxf5 gxf5 12. Nxc6 bxc6 13. O-O Ne4 14. Bd2 Rb8 15. Qc2 Qd6 16. Rac1 Rfc8 17. b3 c5 18. Qd3 cxd4 19. Nxd4 e6 20. Nb5 Qb6 21. Nd4 Qd6 22. f3 Nxd2 23. Qxd2 Qb6 24. Ne2 Bf6 25. Rxc8+ Rxc8 26. Rc1 Rxc1+ 27. Qxc1 Bg5 28. f4 Bf6 29. Kf2 d4 30. exd4 Bxd4+ 31. Kf3 Bf6 32. Qc8+ Kg7 33. Ng3 Qb5 34. Nh5+ Kh6 35. Qf8+ Kxh5 36. Qxf7+ Kh6 37. Qxf6+ Kh5 38. Qg5# 1-0


[Site "https://www.chess.com"]

[Event "Titled Tuesday Blitz May 10 Late 2022"]
[White "Cilek, Bora"]
[Black "Bakalchuk, Johnatan"]
[WhiteFideId "34502165"]
[BlackFideId "2810301"]
[WhiteElo "2440"]
[BlackElo "2486"]
[Result "0-1"]
[Round "02"]
[TimeControl "180+1"]
[Date "2022.05.11"]
[WhiteClock "0:00:02"]
[BlackClock "0:00:04"]

1. Nf3 Nf6 2. g3 g6 3. Bg2 Bg7 4. O-O O-O 5. d4 d6 6. c4 Nc6 7. Nc3 a6 8. Bf4 h6 9. h3 Rb8 10. Rc1 g5 11. Bd2 e5 12. d5 Ne7 13. e4 b5 14. cxb5 axb5 15. b4 c6 16. dxc6 Nxc6 17. a3 g4 18. hxg4 Bxg4 19. Be3 Re8 20. Qd2 Bxf3 21. Bxf3 Nd4 22. Bd1 d5 23. Nxd5 Nxe4 24. Qa2 Qd7 25. Rc7 Qe6 26. Bxd4 exd4 27. Bb3 Kh8 28. Nf4 Qg4 29. Kg2 Ng5 30. Bd1 Qf5 31. Qc2 Qe5 32. Rc5 Qe7 33. Qd3 Rbc8 34. Rxg5 Qxg5 35. Bc2 Kg8 36. Rh1 Rc3 37. Qh7+ Kf8 38. Rh5 Qf6 39. Rd5 Qc6 40. Be4 d3 0-1


[Site "https://www.chess.com"]

[Event "Titled Tuesday Blitz May 10 Late 2022"]
[White "Clarke, Brandon G I"]
[Black "Estrada Nieto, Julian"]
[WhiteFideId "400319"]
[BlackFideId "5101018"]
[WhiteElo "2414"]
[BlackElo "2252"]
[Result "1-0"]
[Round "02"]
[TimeControl "180+1"]
[Date "2022.05.11"]
[WhiteClock "0:01:25"]
[BlackClock "0:00:02"]

1. e4 e5 2. Nf3 Nc6 3. Bb5 a6 4. Ba4 Nf6 5. O-O Be7 6. Re1 b5 7. Bb3 d6 8. c3 O-O 9. h3 Bb7 10. d4 Re8 11. Ng5 Rf8 12. Nf3 Re8 13. Nbd2 Bf8 14. Bc2 h6 15. a4 exd4 16. cxd4 Nb4 17. Bb1 c5 18. d5 c4 19. axb5 axb5 20. Ra3 Nd7 21. Nd4 Qb6 22. Nf1 Rxa3 23. bxa3 Nd3 24. Bxd3 Qxd4 25. Bc2 Qxd1 26. Rxd1 Nc5 27. Ng3 g6 28. f3 Bg7 29. Bd2 c3 30. Bc1 Ra8 31. Nf1 Na4 32. Ne3 Nb2 33. Re1 Rxa3 34. Kf1 b4 35. Kf2 Bd4 36. f4 Ra1 37. Kf3 Ba6 38. e5 dxe5 39. fxe5 Bxe5 40. Ng4 Bg7 41. d6 Bb7+ 42. Kf2 Bd4+ 43. Kg3 Bc6 44. Nxh6+ Kg7 45. Ng4 Nc4 46. Bh6+ Kh7 47. Rxa1 f5 48. Ra6 fxg4 49. Rxc6 Be5+ 50. Kxg4 Ne3+ 51. Bxe3 1-0


[Site "https://www.chess.com"]

[Event "Titled Tuesday Blitz May 10 Late 2022"]
[White "Curtis, John"]
[Black "Niemann, Hans Moke"]
[WhiteFideId "3200256"]
[BlackFideId "2093596"]
[WhiteElo "2203"]
[BlackElo "2632"]
[Result "1-0"]
[Round "02"]
[TimeControl "180+1"]
[Date "2022.05.11"]
[WhiteClock "0:00:46"]
[BlackClock "0:01:55"]

1. e4 c5 2. Nf3 Nc6 3. d4 cxd4 4. Nxd4 Nf6 5. Nc3 g6 6. Be2 Bg7 7. O-O O-O 8. Be3 d6 9. Qd2 Bd7 10. Rad1 Rc8 11. Nxc6 Bxc6 12. f3 a6 13. Kh1 Qa5 14. Nd5 Nxd5 15. Qxa5 Nxe3 16. c3 Nxf1 17. Bxf1 Kh8 18. h3 f5 19. Bd3 fxe4 20. Bxe4 Bxe4 21. fxe4 Rf2 22. Qb6 Rcf8 23. Qxb7 Be5 24. Rg1 R8f7 25. Qxa6 Rxb2 26. Rf1 Rff2 27. Rxf2 Rxf2 28. g4 Rh2+ 29. Kg1 Rxh3 30. a4 Rxc3 31. a5 Ra3 32. Qb6 Kg7 33. a6 Ra4 34. a7 Bd4+ 35. Qxd4+ Rxd4 36. a8=Q Kf6 37. Qh8+ 1-0


[Site "https://www.chess.com"]

[Event "Titled Tuesday Blitz May 10 Late 2022"]
[White "Daggupati, Balaji"]
[Black "Hakobyan, Aram"]
[WhiteFideId "2090759"]
[BlackFideId "13306677"]
[WhiteElo "2638"]
[BlackElo "2557"]
[Result "0-1"]
[Round "02"]
[TimeControl "180+1"]
[Date "2022.05.10"]
[WhiteClock "0:00:34"]
[BlackClock "0:00:08"]

1. e4 c5 2. Nf3 Nc6 3. Bb5 e6 4. O-O Nge7 5. Nc3 a6 6. Bxc6 Nxc6 7. d4 cxd4 8. Nxd4 d6 9. Re1 Be7 10. Nxc6 bxc6 11. Qg4 g5 12. e5 d5 13. Qh5 c5 14. Ne2 Bb7 15. Ng3 h6 16. b3 a5 17. a4 Rc8 18. Bd2 c4 19. Rad1 cxb3 20. cxb3 Qb6 21. Be3 Qb4 22. Bd2 Qb6 23. Be3 Qb4 24. Bd2 Qxb3 25. Rb1 Qd3 26. Bxg5 Bxg5 27. Rxb7 O-O 28. h4 Bd2 29. Rd1 Rc2 30. Nf1 Rc1 31. Rb2 Rxd1 32. Qxd1 Qd4 33. Rxd2 Qxe5 34. Ng3 Rb8 35. Rc2 Rb4 36. Rc8+ Kh7 37. Qf3 Qa1+ 38. Kh2 Rxh4# 0-1


[Site "https://www.chess.com"]

[Event "Titled Tuesday Blitz May 10 Late 2022"]
[White "Della Morte, German"]
[Black "Dreev, Aleksey"]
[WhiteFideId "113522"]
[BlackFideId "4100107"]
[WhiteElo "2363"]
[BlackElo "2625"]
[Result "0-1"]
[Round "02"]
[TimeControl "180+1"]
[Date "2022.05.10"]
[WhiteClock "0:00:02"]
[BlackClock "0:00:09"]

1. e4 c5 2. Nf3 e6 3. d4 cxd4 4. Nxd4 Nf6 5. Nc3 Nc6 6. Ndb5 Bc5 7. Bf4 O-O 8. Bc7 Qe7 9. Bd6 Bxd6 10. Qxd6 Qd8 11. O-O-O a6 12. Nd4 Ne7 13. f3 b5 14. g4 Ne8 15. Qg3 b4 16. Na4 Qa5 17. b3 d5 18. e5 Bd7 19. Kb1 Bxa4 20. bxa4 Qxa4 21. f4 Nc7 22. f5 Nb5 23. Bxb5 axb5 24. Qb3 Ra6 25. Qxa4 bxa4 26. Rhf1 Rc8 27. Rf4 g5 28. Rf3 Rc4 29. fxe6 fxe6 30. Rf6 Ng6 31. Nxe6 Rcc6 32. Nxg5 Rxf6 33. exf6 Rxf6 34. Rxd5 a3 35. Rf5 Rd6 36. Kc1 Ne7 37. Rb5 Nd5 38. Ne4 Re6 39. Rxd5 Rxe4 40. h3 Kg7 41. Kd2 Rf4 42. Re5 Kg6 43. Kd3 h6 44. Re4 Rf3+ 45. Re3 Rf4 46. Re4 Rf3+ 47. Ke2 Rxh3 48. Rxb4 Kg5 49. Ra4 Rg3 50. Kd2 Rf3 51. c4 Rf2+ 52. Kd3 Rxa2 53. c5 Ra1 54. c6 Rc1 55. Rxa3 Rxc6 56. Ra4 Re6 57. Kd2 Re5 58. Kd3 Re1 59. Kd2 Re6 60. Kd3 Kh4 61. Kd2 Kg3 62. Kd3 Kf3 63. Kd2 Re5 64. Rb4 Re6 65. Ra4 Kg3 66. Kd3 Kf2 67. Rb4 Kf3 68. Kd2 Re2+ 69. Kd1 Rg2 70. Ke1 Rg1+ 71. Kd2 Rg2+ 72. Ke1 Rg1+ 73. Kd2 Kg3 74. Ke2 Rh1 75. Ke3 Re1+ 76. Kd2 Re6 77. Kd3 Kf2 78. Ra4 Rd6+ 79. Ke4 Rf6 80. Ra5 Kg3 81. Rf5 Rg6 0-1


[Site "https://www.chess.com"]

[Event "Titled Tuesday Blitz May 10 Late 2022"]
[White "Demchenko, Anton"]
[Black "Peralta, Eduardo"]
[WhiteFideId "4160258"]
[BlackFideId "3700062"]
[WhiteElo "2539"]
[BlackElo "2125"]
[Result "1-0"]
[Round "02"]
[TimeControl "180+1"]
[Date "2022.05.10"]
[WhiteClock "0:01:23"]
[BlackClock "0:00:58"]

1. e4 c5 2. Nf3 Nc6 3. Bb5 g6 4. O-O Bg7 5. d3 Nf6 6. Nc3 O-O 7. e5 Ne8 8. Bxc6 bxc6 9. Re1 Nc7 10. Ne4 Ne6 11. b3 d5 12. Ng3 Ba6 13. c4 Bc8 14. Ng5 a5 15. a4 Rb8 16. Nxe6 Bxe6 17. Rb1 dxc4 18. dxc4 Qxd1 19. Rxd1 Bxc4 20. Bf4 Bxb3 21. Rdc1 c4 22. Ne4 Rfd8 23. f3 Rd5 24. e6 Rbd8 25. exf7+ Kxf7 26. Ng5+ Kg8 27. Ne6 Rd1+ 28. Kf2 Rxc1 29. Rxc1 Rd1 30. Nxg7 Rxc1 31. Bxc1 Kxg7 32. Bd2 Bxa4 33. Bxa5 Kf6 34. Ke3 Ke5 35. Bc3+ Kd5 36. Kf4 Bc2 37. h4 Kc5 38. Ke3 Bd3 39. g4 Kb5 40. h5 gxh5 41. gxh5 Ka4 42. h6 Kb3 43. Kd2 Bg6 44. f4 Bf5 45. Be5 Kb4 46. Bc3+ Kc5 47. Ke3 Kd5 48. Be5 Ke6 49. Kd4 Bd3 50. Kc3 Kf5 51. Kd4 Kg4 52. Kc3 c5 53. Kd2 Bf5 54. Kc3 Be6 55. Kd2 Kh5 56. Bg7 Kg6 57. Kc3 Bd5 58. Kd2 Kf5 59. Be5 Ke6 60. Kc3 Kd7 61. Kd2 Be6 62. Kc3 Kc6 63. Kd2 Kd5 64. Kc3 Bh3 65. Kd2 Ke4 66. Kc3 Bf1 67. Kd2 Bd3 68. Kc3 Ke3 69. Bc7 Bf1 70. f5 Ke4 71. Bd8 Kxf5 72. Bxe7 Kg6 73. Bf8 Kh5 74. Bg7 Bd3 75. Kd2 Bg6 76. Bf8 Bf7 77. Bg7 Kg6 78. Bf8 Kf5 79. Bxc5 Ke6 80. Bf8 Kd5 81. Bg7 Kc6 82. Kc3 Kb5 83. Bf6 Bg6 84. Bg7 Ka4 85. Bf6 Bd3 86. Bg7 Kb5 87. Bf6 Kc6 88. Bg7 Bf1 89. Bf6 Kd5 90. Bg7 Ke4 91. Bf8 Kf3 92. Bg7 Kg2 93. Kd4 Kg3 94. Kc3 Kh4 95. Kd2 Bd3 96. Kc3 Kh3 97. Kd2 Kh2 98. Kc3 Kh1 99. Kd2 Kg1 100. Kc3 Kf1 101. Kd2 Kf2 102. Kc3 Ke1 103. Bf8 Kd1 104. Bg7 Kc1 105. Bf8 Kb1 106. Bg7 Ka2 107. Bf8 Bg6 108. Bg7 Bf7 109. Bf8 Bg8 110. Bg7 Ka3 111. Bf8+ Ka4 112. Bg7 Ka5 113. Bf8 Ka6 114. Bg7 Ka7 115. Bf8 Ka8 116. Bg7 Kb8 117. Bd4 Kc8 118. Bg7 Kd8 119. Bf6+ Ke8 120. Bg7 Kf7 121. Kd4 Kg6 122. Kc3 Kg5 123. Kd4 Kg4 124. Kc3 Kg3 125. Kd4 c3 126. Kxc3 Kg2 127. Kd4 Kf2 128. Ke5 Ba2 129. Kf6 Bb1 130. Bf8 Ke2 131. Kg7 Kd1 132. Be7 Bd3 133. Bd8 Kc2 134. Kf6 Kb2 135. Ke5 Bb1 136. Kd4 Kb3 137. Bf6 Kb4 138. Kd5 Kb5 139. Be7 Kb6 140. Bc5+ Kb7 141. Bd4 Kb8 142. Kd6 Kc8 143. Be5 Kd8 144. Ke6 Ke8 145. Kf6 Kf8 146. Bd6+ Kg8 147. Be7 Kh8 148. Kf7 Ba2+ 149. Kf8 1-0


[Site "https://www.chess.com"]

[Event "Titled Tuesday Blitz May 10 Late 2022"]
[White "Derraugh, Geordie"]
[Black "Chyngyz, Sultai"]
[WhiteFideId "2603950"]
[BlackFideId "13803158"]
[WhiteElo "2116"]
[BlackElo "1365"]
[Result "1-0"]
[Round "02"]
[TimeControl "180+1"]
[Date "2022.05.11"]
[WhiteClock "0:00:14"]
[BlackClock "0:00:11"]

1. e4 c5 2. c3 d5 3. exd5 Qxd5 4. Nf3 g6 5. d4 Bg7 6. Na3 e6 7. Nb5 Na6 8. Be3 Ne7 9. dxc5 O-O 10. Nd6 Nc7 11. Bc4 Qc6 12. O-O Ncd5 13. Bd4 f6 14. b4 e5 15. b5 Qc7 16. Nxc8 Raxc8 17. Qb3 Rfd8 18. Be3 Kh8 19. b6 axb6 20. Bxd5 Nxd5 21. cxb6 Qxc3 22. Qxc3 Nxc3 23. a4 Rd5 24. Kh1 Ra8 25. Rfc1 Ne2 26. Rc7 Rxa4 27. Re1 e4 28. Rc8+ Bf8 29. Bh6 Ra8 30. Rxa8 Ng3+ 31. hxg3 Rd8 32. Rxd8 Kg8 33. Rxf8# 1-0


[Site "https://www.chess.com"]

[Event "Titled Tuesday Blitz May 10 Late 2022"]
[White "Diaz, Fernando"]
[Black "Petrovic, Aleksa"]
[WhiteFideId "3701255"]
[BlackFideId "967629"]
[WhiteElo "1934"]
[BlackElo "2144"]
[Result "1-0"]
[Round "02"]
[TimeControl "180+1"]
[Date "2022.05.11"]
[WhiteClock "0:00:58"]
[BlackClock "0:00:03"]

1. e4 e6 2. d4 d5 3. e5 c5 4. c3 Ne7 5. Nf3 Nec6 6. a3 a5 7. Bd3 b6 8. Qe2 Ba6 9. Bxa6 Rxa6 10. O-O c4 11. Nbd2 b5 12. b3 cxb3 13. Nxb3 a4 14. Nbd2 Qa5 15. Rb1 Na7 16. c4 dxc4 17. Nxc4 Qd8 18. Ne3 Nbc6 19. Rd1 Ne7 20. Nd2 Nd5 21. Ne4 Be7 22. Nxd5 Qxd5 23. Qg4 g6 24. Bh6 Nc6 25. Bg7 h5 26. Qf4 Rg8 27. Bf6 Bxa3 28. Bh4 Be7 29. Bxe7 Kxe7 30. Qf6+ Kf8 31. Nd6 Ra7 32. Rxb5 Qa2 33. Rc1 Qd2 34. Rb8+ Nxb8 35. Rc8# 1-0


[Site "https://www.chess.com"]